 Dungeon Sprint DCSS version 0.27.0-1-g7a089689b8 (webtiles) character file.

Game seed: 4560456539537700564

1234 ABBCCCDDDD the Cleaver (level 8, 0/79 HPs)
             Began as a Minotaur Berserker on Aug 17, 2021.
             Was an Elder of Trog.
             Slain by a demonic crawler (8 damage)
             ... in the Dungeon (Sprint I: "Red Sonja").
             The game lasted 00:02:53 (970 turns).

ABBCCCDDDD the Cleaver (Minotaur Berserker)          Turns: 970, Time: 00:02:53

Health: 0/79       AC: 11    Str: 25    XL:     8   Next: 24%
Magic:  7/7        EV:  7    Int:  4    God:    Trog [****..]
Gold:   423        SH: 15    Dex:  9    Spells: 7/7 levels left

rFire    . . .     SeeInvis .   a - +0 hand axe
rCold    . . .     Faith    .   l - +0 tower shield
rNeg     . . .     Spirit   .   m - +0 chain mail
rPois    .         Reflect  .   (helmet restricted)
rElec    .         Harm     .   (no cloak)
rCorr    .         Rampage  .   (no gloves)
Will     .....     NoTele   +   (no boots)
Stlth    ..........             (no amulet)
HPRegen  0.23/turn              (no ring)
MPRegen  0.10/turn              (no ring)

@: on berserk cooldown, slowed, very slow
A: horns 2, retaliatory headbutt
a: Renounce Religion, Berserk, Trog's Hand, Brothers in Arms


You were in the Dungeon.
You worshipped Trog.
Trog was greatly pleased with you.
You visited 1 branch You collected 513 gold pieces.
You spent 90 gold pieces at shops.

Inventory:

Hand Weapons
 a - a +0 hand axe (weapon)
Armour
 l - a +0 tower shield (worn)
 m - a +0 chain mail (worn)
Wands
 i - a wand of flame (7)
Scrolls
 h - a scroll of blinking
 k - a scroll of amnesia {unknown}
Potions
 c - a potion of curing
 d - a potion of heal wounds
 e - a potion of haste
 f - 2 potions of magic
 g - a potion of berserk rage


   Skills:
 + Level 10.2 Fighting
 * Level 13.3 Axes
 + Level 9.9 Armour
 + Level 8.9 Dodging
 + Level 5.2 Shields


You had 7 spell levels left.
You didn't know any spells.
Your spell library was empty.

Dungeon Overview and Level Annotations

Branches:
Dungeon (1/1)

Altars:
Cheibriados
Dithmenos
Elyvilon
Fedhas
Gozag
Hepliaklqana
Kikubaaqudgha
Makhleb
Nemelex Xobeh
Okawaru
Qazlal
Ru
Sif Muna
Trog
Uskayaw
Vehumet
Wu Jian
Xom
Yredelemnul
Zin
The Shining One
Jiyva
Lugonu

Shops:
D [

Annotations:
D Sonja


Innate Abilities, Weirdness & Mutations

You have a pair of horns on your head.
You reflexively headbutt those who attack you in melee.


Message History

The demonic crawler hits you! You block the demonic crawler's attack.
The demonic crawler hits you but does no damage.
You block the demonic crawler's attack. x2
The demonic crawler hits you but does no damage.
The demonic crawler hits you!
You are too injured to fight recklessly!
You are too injured to fight recklessly!
You are too injured to fight recklessly!
You hit the demonic crawler but do no damage.
The demonic crawler is heavily wounded.
You hit the demonic crawler.
You hit the demonic crawler but do no damage.
The demonic crawler hits you! You block the demonic crawler's attack.
The demonic crawler hits you! You block the demonic crawler's attack.
The demonic crawler hits you!
* * * LOW HITPOINT WARNING * * *
You block the demonic crawler's attack. You block the demonic crawler's attack.
The demonic crawler hits you.
* * * LOW HITPOINT WARNING * * *
You block the demonic crawler's attack.
There is an open door here.
You hit the demonic crawler. You headbutt the demonic crawler.
The demonic crawler is moderately wounded.
You barely miss the demonic crawler.
The demonic crawler hits you but does no damage.
The demonic crawler barely misses you.
The demonic crawler hits you but does no damage.
The demonic crawler hits you!
* * * LOW HITPOINT WARNING * * *
You block the demonic crawler's attack. x2
There is a corrupted altar of Lugonu here.
You feel a strong urge to attack something.
There is an open door here.
You feel your anger nearly subside.
You are no longer berserk.
You are exhausted.
You feel yourself slow down. The demonic crawler hits you.
* * * LOW HITPOINT WARNING * * *
You block the demonic crawler's attack. The demonic crawler hits you!
You die...

##########################
#<.#.))..#.)'@s#__#..')..#
#..'..#..'..#..ss.'.)#...#
#..#####'#####'#__####...'..#
#..####..#...#.#### #####..+
#..#__####..##(# +##
#..#_____##÷#_.+
#⌠⌠#_§∩...+..._#
####_..__##_.#+# #_____###'#


You could see 3 demonic crawlers.

Levels and vault maps discovered:
D:        dungeon_sprint_1 [red_sonja_temple_1, red_sonja_temple_small_1]

Notes
Turn   | Place    | Note
-------+----------+-------------------------------------------
     0 | D        | ABBCCCDDDD the Minotaur Berserker began the quest for the
                  | Orb.
     0 | D        | Reached XP level 1. HP: 19/19 MP: 0/0
     5 | D        | Noticed Ijyb
    11 | D        | Killed Ijyb
    12 | D        | Reached skill level 5 in Axes
    12 | D        | Reached XP level 2. HP: 28/28 MP: 1/1
   110 | D        | Noticed an ogre
   115 | D        | Killed an ogre
   116 | D        | Reached skill level 7 in Axes
   116 | D        | Reached skill level 5 in Armour
   116 | D        | Reached XP level 3. HP: 37/37 MP: 2/2
   116 | D        | Reached XP level 4. HP: 44/44 MP: 3/3
   256 | D        | Noticed Sigmund
   264 | D        | Killed Sigmund
   264 | D        | Reached ** piety under Trog
   265 | D        | Reached skill level 10 in Axes
   265 | D        | Reached XP level 5. HP: 31/52 MP: 4/4
   265 | D        | Reached XP level 6. HP: 36/60 MP: 5/5
   458 | D        | Found an ornate altar of the Wu Jian Council.
   458 | D        | Found a shimmering blue altar of Sif Muna.
   460 | D        | Found a radiant altar of Vehumet.
   482 | D        | Found Comotuyc's Armour Emporium.
   482 | D        | Found an ancient bone altar of Kikubaaqudgha.
   482 | D        | Found a hazy altar of Hepliaklqana.
   482 | D        | Found a stormy altar of Qazlal.
   482 | D        | Found a hide-covered altar of Uskayaw.
   482 | D        | Found a blossoming altar of Fedhas.
   482 | D        | Found a bloodstained altar of Trog.
   482 | D        | Found an iron altar of Okawaru.
   482 | D        | Found a basalt altar of Yredelemnul.
   482 | D        | Found a glowing golden altar of the Shining One.
   482 | D        | Found a snail-covered altar of Cheibriados.
   482 | D        | Found a sacrificial altar of Ru.
   482 | D        | Found a glowing silver altar of Zin.
   482 | D        | Found a shadowy altar of Dithmenos.
   482 | D        | Found a white marble altar of Elyvilon.
   482 | D        | Noticed a yak
   489 | D        | Killed a yak
   490 | D        | Reached skill level 11 in Axes
   490 | D        | Found an opulent altar of Gozag.
   530 | D        | Found a sparkling altar of Nemelex Xobeh.
   534 | D        | Bought a +0 tower shield for 45 gold pieces
   534 | D        | Bought a +0 chain mail for 45 gold pieces
   557 | D        | Noticed Sonja
   600 | D        | Killed a gargoyle
   740 | D        | Found a viscous altar of Jiyva.
   740 | D        | Found a corrupted altar of Lugonu.
   740 | D        | Noticed a slime creature
   741 | D        | Found a burning altar of Makhleb.
   741 | D        | Found a shimmering altar of Xom.
   748 | D        | Killed a slime creature
   749 | D        | Reached XP level 7. HP: 59/70 MP: 6/6
   911 | D        | Noticed a kobold demonologist
   911 | D        | Noticed a kobold demonologist
   913 | D        | Paralysed by a floating eye for 3 turns
   917 | D        | Reached *** piety under Trog
   918 | D        | Reached skill level 12 in Axes
   921 | D        | Noticed a hellwing
   922 | D        | Noticed a chaos spawn
   922 | D        | Killed a kobold demonologist
   926 | D        | Killed a kobold demonologist
   926 | D        | Reached **** piety under Trog
   927 | D        | Reached skill level 10 in Fighting
   927 | D        | Reached skill level 13 in Axes
   927 | D        | Reached skill level 5 in Shields
   927 | D        | Reached XP level 8. HP: 76/79 MP: 7/7
   951 | D        | Noticed a demonic crawler
   951 | D        | Noticed a demonic crawler
   951 | D        | Noticed a demonic crawler
   951 | D        | Noticed a demonic crawler
   970 | D        | Slain by a demonic crawler

Table legend: (Time is in decaauts)
 A = Elapsed time spent in this place.
 B = Non-inter-level travel time spent in this place.
 C = Inter-level travel time spent in this place.
 D = Time resting spent in this place.
 E = Time spent auto-exploring this place.
 F = Levels seen in this place.
 G = Mean time per level.
                   A        B        C        D        E       F      G
               +--------+--------+--------+--------+--------+-----+--------+
         Total |   1021 |   1021 |      0 |    806 |      6 |   1 | 1021.0 |
       Dungeon |   1021 |   1021 |      0 |    806 |      6 |   1 | 1021.0 |
               +--------+--------+--------+--------+--------+-----+--------+

Top non-repeatable levels by time:
       D: 1021 daAuts

Table legend:
 A = Kills in this place as a percentage of kills in entire the game.
 B = Kills by you in this place as a percentage of kills by you in the entire game.
 C = Kills by friends in this place as a percentage of kills by friends in the entire game.
 D = Other kills in this place as a percentage of other kills in the entire game.
 E = Experience gained in this place as a percentage of experience gained in the entire game.
 F = Experience gained in this place divided by the number of levels of this place that you have seen.
                   A       B       C       D       E      F
               +-------+-------+-------+-------+-------+----------------------
         Total | 100.0 | 100.0 |   N/A |   N/A | 100.0 | 1763.0
       Dungeon | 100.0 | 100.0 |   N/A |   N/A | 100.0 | 1763.0
               +-------+-------+-------+-------+-------+----------------------

Action                   |  1- 3 |  4- 6 |  7- 9 || total
-------------------------+-------+-------+-------++-------
Melee: Hand axe          |     8 |    28 |    17 ||    53
       Headbutt          |     1 |     6 |     5 ||    12
Invok: Berserk           |     2 |     3 |     2 ||     7
       Trog's Hand       |       |     1 |       ||     1
Armor: Chain mail        |       |     8 |    14 ||    22
       Leather armour    |       |     2 |       ||     2
Dodge: Dodged            |     5 |     7 |    10 ||    22
Block: Tower shield      |       |    10 |    32 ||    42

Vanquished Creatures
  2 kobold demonologists (D)
  A slime creature (D)
  Sigmund (D)
  A yak (D)
  A floating eye (D)
  An ogre (D)
  A jelly (D)
  Ijyb (D)
9 creatures vanquished.

Vanquished Creatures (others)
  A gargoyle (D)
1 creature vanquished.

Grand Total: 10 creatures vanquished
